 Dungeon Crawl Stone Soup version 0.29-a0-821-g66395355a5 (webtiles) character file.

Game seed: 7876676967057972442

37 buhh the Insei (level 3, 0/23 HPs)
             Began as an Octopode Transmuter on July 7, 2022.
             Slain by a goblin
             ... wielding a +0 dagger
             ... led by Robin
              (1 damage)
             ... on level 2 of the Dungeon.
             The game lasted 00:01:39 (1276 turns).

buhh the Insei (Octopode Transmuter)                Turns: 1276, Time: 00:01:39

Health: 0/23       AC:  1    Str:  9    XL:     3   Next: 39%
Magic:  6/6        EV: 13    Int: 17    God:
Gold:   119        SH:  0    Dex: 12    Spells: 5/6 levels left

rFire   + . .      SeeInvis .     - Unarmed
rCold   + . .      Faith    .   (no shield)
rNeg    . . .      Spirit   .   (helmet restricted)
rPois   +          Reflect  .   (no amulet)
rElec   +          Harm     .   (no ring)
rCorr   +          Rampage  .   (no ring)
Will    .....                   (no ring)
Stlth   +++.......              (no ring)
HPRegen 0.07/turn               (no ring)
MPRegen 0.10/turn               (no ring)
                                (no ring)
                                (no ring)

@: about to teleport, resistant
A: almost no armour, amphibious, 8 rings, camouflage 1, gelatinous body 1,
(nimble swimmer 1), tentacles
a: no special abilities


You were on level 2 of the Dungeon.
You visited 1 branch of the dungeon, and saw 2 of its levels.

You collected 119 gold pieces.

Inventory:

Scrolls
 b - a scroll of fog
 c - 3 scrolls of blinking {unknown}
 f - a scroll of identify {!d}
 g - a scroll of teleportation {!d}
 h - a scroll of silence {unknown}
 i - a scroll of amnesia {unknown}


   Skills:
 + Level 1.2 Fighting
 + Level 2.2 Dodging
 * Level 2.3 Stealth
 * Level 3.4 Unarmed Combat
 - Level 2.0 Spellcasting
 - Level 2.0 Transmutations
 + Level 1.1 Poison Magic


You had 5 spell levels left.
You knew the following spells:

 Your Spells              Type           Power      Damage    Failure   Level
a - Beastly Appendage     Tmut           16%        N/A       9%          1

Your spell library contained the following spells:

 Spells                   Type           Power      Damage    Failure   Level
 Wereblood                Tmut           8%         N/A       13%         2
 Passwall                 Tmut/Erth      4%         N/A       19%         2
 Ensorcelled Hibernation  Hex/Ice        2%         N/A       28%         2
 Spider Form              Tmut/Pois      6%         N/A       30%         3
 Swiftness                Air            1%         N/A       50%         3
 Ice Form                 Ice/Tmut       5%         N/A       77%         4


Dungeon Overview and Level Annotations

Branches:
Dungeon (2/15) Zot: 10725

Altars:


Innate Abilities, Weirdness & Mutations

You cannot wear most types of armour.
You are amphibious.
You can wear up to eight rings at the same time.
Your skin changes colour to match your surroundings (Stealth+).
Your rubbery body absorbs attacks. (AC +1, EV +1)
((You are camouflaged when in or above water. (Stealth+)))
You have tentacles for arms and can constrict up to eight enemies at once.


Message History

The goblin hits you but does no damage. x2
Your Stealth skill increases to level 2!
Your Poison Magic skill increases to level 1!
You have reached level 3!
Your experience leads to an increase in your attributes!
Increase (S)trength, (I)ntelligence, or (D)exterity?
You feel clever. x2
You hit the hobgoblin.
You punch the hobgoblin, but do no damage.
The hobgoblin is severely wounded.
The hobgoblin completely misses you.
The goblin hits you but does no damage. x2
You hit the hobgoblin.
You kill the hobgoblin!
The goblin no longer looks unusually strong.
The goblin hits you but does no damage.
You smack the goblin!
You kill the goblin!
The goblin hits you but does no damage. The goblin hits you with a +0 club.
* * * LOW HITPOINT WARNING * * *
You hit the hobgoblin but do no damage.
The goblin hits you but does no damage. x2
The hobgoblin hits you.
* * * LOW HITPOINT WARNING * * *
You smack the hobgoblin!
You kill the hobgoblin!
The goblin hits you but does no damage. x3
You hit the goblin.
The goblin is moderately wounded.
You feel less wooden.
You aren't carrying any potions.
Sorry, you're not good enough to have a special ability.
As you read the scroll labelled YKYEPHACAD, it crumbles to dust.
It is a scroll of identify.
b - a scroll of fog The goblin closely misses you.
The goblin hits you with a +0 club.
* * * LOW HITPOINT WARNING * * *
The goblin closely misses you.
As you read the scroll labelled XOUCUL JASO, it crumbles to dust.
You feel strangely unstable.
It was a scroll of teleportation.
The goblin hits you with a +0 dagger.
You die... ...g# #.#..#....##..### .gg.g

#.#..#...<....#
..gg.##
#.#....#.#.##.#
.gg..<#
#....#.#.#..#.#
gg....#
######.#....#.#
##..... #####
#...####...#
#.....#.....###.###
####
#.....#.###...gg#
..............g@####
##.....####.#..†)...#
....... .. ##...##.#
## ##### #


You could see 3 goblins.

Vanquished Creatures
  Robin (D:2)
  2 giant cockroaches (D:1)
  8 goblins
  3 hobgoblins
  2 kobolds (D:1)
  2 quokkas
  2 ball pythons (D:1)
  A bat (D:1)
  A frilled lizard (D:1)
  3 rats
25 creatures vanquished.

Notes
Turn   | Place    | Note
-------+----------+-------------------------------------------
     0 | D:1      | buhh the Octopode Transmuter began the quest for the Orb.
     0 | D:1      | Reached XP level 1. HP: 13/13 MP: 3/3
   147 | D:1      | Reached XP level 2. HP: 13/18 MP: 3/5
   897 | D:2      | Noticed Robin
  1268 | D:2      | Killed Robin
  1269 | D:2      | Reached XP level 3. HP: 9/23 MP: 6/6
  1275 | D:2      | HP: 1/23 [goblin/+0 club[Robin] (2)]
  1276 | D:2      | Slain by a goblin

Illustrated notes

Levels and vault maps discovered:
D:1:      minmay_arrival_up_and_down, layout_loops_cross
D:2:      layout_basic, hellmonk_ecumenical_altar_blasted, uniq_robin

Skill      XL: |  1  2 |
---------------+-------+-----
Stealth        | 1 2 |  2.3
Poison Magic   | 1 |  1.1
Fighting       | |  1.2
Dodging        | |  2.2
Unarmed Combat | |  3.4
Spellcasting   | |  2.0
Transmutations | |  2.0

Action                   || total
-------------------------++-------
Melee: Unarmed           ||    44
       Constrict         ||     8
       Kick              ||     4
       Tentacles         ||     6
       Punch             ||     3
 Cast: Beastly Appendage ||    12
  Use: Potion            ||     3
       Scroll            ||     2
 Stab: Sleeping          ||     6
Armor: Skin              ||    23
Dodge: Dodged            ||    23

Table legend: (Time is in decaauts)
 A = Elapsed time spent in this place.
 B = Non-inter-level travel time spent in this place.
 C = Inter-level travel time spent in this place.
 D = Time resting spent in this place.
 E = Time spent auto-exploring this place.
 F = Levels seen in this place.
 G = Mean time per level.
                   A        B        C        D        E       F      G
               +--------+--------+--------+--------+--------+-----+--------+
         Total |   1273 |   1222 |     51 |    262 |    813 |   2 |  636.5 |
       Dungeon |   1273 |   1222 |     51 |    262 |    813 |   2 |  636.5 |
               +--------+--------+--------+--------+--------+-----+--------+

Top non-repeatable levels by time:
     D:1: 1171 daAuts
     D:2: 101 daAuts
